 Dungeon Crawl Stone Soup version 0.21.1-1-g345015f (webtiles) character file.

1393 inc the Fighter (level 8, 42/42 HPs)
             Began as a Felid Wizard on Mar 12, 2018.
             Was a Follower of Vehumet.
             Quit the game on level 9 of the Dungeon on Mar 13, 2018.
             The game lasted 00:26:45 (11387 turns).

inc the Fighter (Felid Wizard)                     Turns: 11387, Time: 00:26:46

Health: 42/42      AC:  2    Str:  3    XL:     8   Next: 41%
Magic:  26/26      EV: 21    Int: 23    God:    Vehumet [*.....]
Gold:   412        SH:  0    Dex: 16    Spells: 13/18 levels left
                                        Lives:  0   Deaths: 2

rFire    . . .     SeeInvis +   (weapon unavailable)
rCold    . . .     Gourm    .   (shield unavailable)
rNeg     . . .     Faith    .   (armour unavailable)
rPois    .         Spirit   .   (helmet unavailable)
rElec    .         Reflect  .   (cloak unavailable)
rCorr    .         Harm     .   (gloves unavailable)
MR       ++...                  (boots unavailable)
Stlth    +++.......             (no amulet)
HPRegen  0.14/turn              y - +3 ring of evasion
MPRegen  0.20/turn              s - ring of magical power

@: quick
A: very small, no armour, no weapons or thrown items, stealth, claws 1, fangs 3,
see invisible, agile 1, carnivore, speed 1, magic resistance 1, shaggy fur 2,
slow metabolism 1, MP-powered wands, sharp paws
a: Renounce Religion


You were on level 9 of the Dungeon.
You worshipped Vehumet.
Vehumet was aware of your devotion.
You were not hungry.

You visited 2 branches of the dungeon, and saw 11 of its levels.
You also visited: Sewer.

You collected 412 gold pieces.

Inventory:

Missiles
 z - 133 stones
Jewellery
 i - a +3 ring of evasion
 p - a -4 ring of dexterity
 s - a ring of magical power (right paw)
 y - a +3 ring of evasion (left paw)
 A - an uncursed ring of teleportation
 B - a +2 ring of evasion
Wands
 o - a wand of flame (42)
 w - a wand of clouds (6)
Scrolls
 c - 2 scrolls of remove curse
 h - 4 scrolls of blinking
 j - a scroll of noise
 k - 2 scrolls of immolation
 r - a scroll of amnesia
 u - 4 scrolls of identify
Potions
 d - 2 potions of curing
 g - a potion of ambrosia {unknown}
 n - a potion of lignification {unknown}
 t - 2 potions of might {unknown}
 v - a potion of agility {unknown}
 x - a potion of brilliance {unknown}
Books
 a - a book of Minor Magic

   Spells                             Type                      Level
   a - Magic Dart                     Conjuration                  1
   b - Blink                          Translocation                2
   c - Call Imp                       Summoning                    2
   d - Slow                           Hexes                        2
   e - Conjure Flame                  Conjuration/Fire             3
   f - Mephitic Cloud                 Conjuration/Poison/Air       3
 C - a book of Changes

   Spells                             Type                      Level
   a - Beastly Appendage              Transmutation                1
   b - Sticks to Snakes               Transmutation                2
   c - Spider Form                    Transmutation/Poison         3
   d - Ice Form                       Ice/Transmutation            4
   e - Blade Hands                    Transmutation                5
 D - the Catalogue of Envenoming and the Escort
   (You found it on level 9 of the Dungeon)

   Spells                             Type                      Level
   a - Summon Small Mammal            Summoning                    1
   b - Poisonous Vapours              Poison/Air                   2
   c - Call Canine Familiar           Summoning                    3
   d - Olgreb's Toxic Radiance        Poison                       4
   e - Alistair's Intoxication        Transmutation/Poison         5
Comestibles
 b - 7 rations


   Skills:
 - Level 9.1 Fighting
 - Level 2.6 Dodging
 - Level 2.6 Stealth
 - Level 5.7 Spellcasting
 - Level 5.2 Conjurations
   Level 1.0 Summonings
   Level 1.5 Translocations
 + Level 4.7 Earth Magic


You had 13 spell levels left.
You knew the following spells:

 Your Spells              Type           Power        Failure   Level  Hunger
a - Magic Dart            Conj           ####         1%          1    None
b - Mephitic Cloud        Conj/Pois/Air  ##......     13%         3    #......
c - Sandblast             Erth           ####..       1%          1    None


Dungeon Overview and Level Annotations

Branches:
Dungeon (10/15)            Temple (1/1) D:5
   Lair: D:8-11         Orc: D:9-12

Altars:
Ashenzari
Cheibriados
Dithmenos
Elyvilon
Gozag
Hepliaklqana
Kikubaaqudgha
Makhleb
Nemelex Xobeh
Okawaru
Qazlal
Sif Muna
Trog
Vehumet
Wu Jian
Xom
Yredelemnul
Zin
The Shining One

Annotations:
D:3 Grinder; Ijyb; Medidev's ghost, amateur DDFi
D:5 Eustachio
D:6 Blork the orc; Dowan
D:9 Grum
D:10 Urug


Innate Abilities, Weirdness & Mutations

You cannot wear armour.
You are incapable of wielding weapons or throwing items.
Your paws allow you to move quietly. (Stealth)
You have sharp claws.
You have razor-sharp teeth.
You have supernaturally acute eyesight. (SInv)
You are carnivorous and can eat meat at any time.
You cover ground quickly.
You are covered in thick fur. (AC +2)
You have a slow metabolism.
Your sharp claws are effective at attacking unaware monsters.
You are agile. (Dex +2)
You are resistant to hostile enchantments. (MR+)
You expend magic power (3 MP) to strengthen your wands.


Message History

The orc wizard closely misses you. The orc warrior misses you.
As you read the scroll labeled OKY EMAFAM, it crumbles to dust.
The dust glows dull umber!
It was a scroll of random uselessness.
The orc misses you. The orc warrior closely misses you.
The orc warrior misses you. The orc wizard misses you.
Unknown command.
As you read the scroll labeled FEOMAU DIODA, it crumbles to dust.
Magic quickly surges around you.
It was a scroll of vulnerability.
The orc warrior hits you with a long sword!!
Ouch! That really hurt!
You die...
The orc completely misses you. The orc warrior barely misses you.
The orc warrior misses you. The orc wizard hits you with a dagger.
You are now level 8!
You rejoin the land of the living...
You feel extremely strange.
You feel your magical essence link to your wands.
You feel resistant to hostile enchantments.
You feel agile.
Are you sure you want to abandon this character and quit the game? (Confirm with "yes".)

+..# .... ##.#
... #.######.
... #........
.. #.#######
#'# #.#
.#.######.###J#
............#.#
......###.@.#.#
..... ##..#.#
.... #..#.# ...
##.#.# h. #...#
# #...# #...#
#.#.# #.#>#


There were no monsters in sight!

Vanquished Creatures
  A two-headed ogre (D:9)
  Prince Ribbit (D:6)
  Sigmund (D:3)
  2 black bears
  4 ogres
  2 ice beasts
  2 centaurs
  2 bullfrogs (Sewer)
  A wyvern zombie (D:7)
  A scorpion (D:5)
  A howler monkey (D:4)
  Crazy Yiuf (D:2)
  6 orc priests
  A jelly (D:9)
  8 orc wizards
  Jessica (D:2)
  Natasha (thrice) (D:3)
  2 worker ants
  A hound skeleton (D:5)
  A worker ant zombie (D:6)
  2 gnolls
  7 adders
  A shadow imp (D:7)
  4 oozes
  4 worms
  3 dart slugs
  8 leopard geckos
  21 orcs
  7 ball pythons
  4 bats
  12 giant cockroaches
  9 goblins
  8 hobgoblins
  2 quokkas
  8 frilled lizards
  A jackal skeleton (D:5)
  8 kobolds
  A quokka skeleton (D:6)
  A quokka zombie (D:5)
  9 rats
  2 fungi (D:2)
164 creatures vanquished.

Notes
Turn   | Place    | Note
-------+----------+-------------------------------------------
     0 | D:1      | inc the Felid Wizard began the quest for the Orb.
     0 | D:1      | Reached XP level 1. HP: 7/7 MP: 5/5
    34 | D:1      | Reached skill level 1 in Conjurations
   176 | D:1      | Reached XP level 2. HP: 6/11 MP: 0/7
   813 | D:1      | Reached XP level 3. HP: 14/14 MP: 2/8
  2035 | D:2      | Noticed Jessica
  2035 | D:2      | Reached XP level 4. HP: 18/18 MP: 6/9
  2041 | D:2      | Killed Jessica
  2940 | D:2      | Found a runed door.
  2944 | D:2      | Noticed Crazy Yiuf
  3002 | D:2      | Killed Crazy Yiuf
  3002 | D:2      | Reached XP level 5. HP: 21/21 MP: 1/10
  3252 | D:3      | Noticed Grinder
  3412 | D:4      | Reached skill level 5 in Conjurations
  3453 | D:4      | Learned a level 3 spell: Mephitic Cloud
  3677 | D:4      | Gained mutation: You are covered in thick fur. (AC +2) [Felid growth]
  3677 | D:4      | Reached XP level 6. HP: 24/24 MP: 6/12
  4436 | D:5      | Entered Level 5 of the Dungeon
  4571 | D:5      | Found a staircase to the Ecumenical Temple.
  4575 | D:5      | Noticed a sky beast
  4580 | Temple   | Entered the Ecumenical Temple
  4795 | Temple   | Became a worshipper of Vehumet
  4848 | Temple   | Slain by a sky beast
  4849 | Temple   | Reached XP level 5. HP: 0/21 MP: 11/12
  4880 | D:5      | Noticed an ogre
  4882 | D:5      | Noticed an ogre
  4958 | D:5      | Killed an ogre
  4958 | D:5      | Reached skill level 5 in Spellcasting
  4958 | D:5      | Reached XP level 6. HP: 24/24 MP: 6/14
  5064 | D:5      | Found a glowing drain.
  5074 | Sewer    | Entered a sewer
  5410 | Sewer    | Reached skill level 1 in Fighting
  5432 | Sewer    | Reached skill level 2 in Fighting
  5432 | Sewer    | Reached XP level 7. HP: 18/30 MP: 7/16
  5990 | D:5      | Noticed Eustachio
  6152 | D:3      | Noticed Medidev's ghost (amateur DDFi)
  6181 | D:3      | Paralysed by Grinder for 4 turns
  6227 | D:3      | Found a hazy altar of Hepliaklqana.
  6538 | D:3      | Noticed Natasha
  6542 | D:3      | Killed Natasha
  6542 | D:3      | Reached skill level 3 in Fighting
  6576 | D:3      | Noticed Sigmund
  6607 | D:3      | Killed Sigmund
  6607 | D:3      | Reached * piety under Vehumet
  6607 | D:3      | Offered knowledge of Sandblast by Vehumet.
  6607 | D:3      | Reached skill level 4 in Fighting
  6833 | D:3      | Noticed Natasha
  6980 | D:5      | Reached skill level 5 in Fighting
  7282 | D:6      | Noticed Prince Ribbit
  7315 | D:6      | Reached XP level 8. HP: 34/38 MP: 17/17
  7455 | D:6      | Reached skill level 6 in Fighting
  7476 | D:6      | Found a burning altar of Makhleb.
  7488 | D:6      | Found a sparkling altar of Nemelex Xobeh.
  8208 | D:6      | Reached skill level 7 in Fighting
  8469 | D:6      | Noticed Blork the orc
  8608 | D:6      | Killed Prince Ribbit
  8608 | D:6      | Reached skill level 8 in Fighting
  8948 | D:6      | Noticed Dowan
  9333 | D:7      | Found an ornate altar of the Wu Jian Council.
  9451 | D:7      | Learned a level 1 spell: Sandblast
 10158 | D:3      | Found a white marble altar of Elyvilon.
 10192 | D:3      | Killed Natasha
 10192 | D:3      | Reached skill level 9 in Fighting
 10192 | D:3      | Noticed Natasha
 10196 | D:3      | Killed Natasha
 10642 | D:3      | Noticed Ijyb
 10654 | D:3      | Reached XP level 9. HP: 30/45 MP: 18/18
 10985 | D:5      | You fall through a shaft for 3 floors!
 11012 | D:8      | Reached skill level 1 in Earth Magic
 11060 | D:8      | Noticed Grum
 11158 | D:9      | Noticed a two-headed ogre
 11196 | D:9      | Killed a two-headed ogre
 11289 | D:9      | Identified the Catalogue of Envenoming and the Escort
 11343 | D:9      | Offered knowledge of Searing Ray by Vehumet.
 11367 | D:10     | Entered Level 10 of the Dungeon
 11367 | D:10     | Noticed Urug
 11385 | D:9      | Mangled by an orc warrior
 11386 | D:9      | Reached XP level 8. HP: -9/42 MP: 26/26
 11386 | D:9      | Gained mutation: You expend magic power (3 MP) to strengthen your wands. [potion of mutation]
 11386 | D:9      | Gained mutation: You are resistant to hostile enchantments. (MR+) [potion of mutation]
 11386 | D:9      | Gained mutation: You are agile. (Dex +2) [potion of mutation]
 11387 | D:9      | Quit the game

Skill      XL: |  1  2  3  4  5  6  7  8  9 |
---------------+----------------------------+-----
Conjurations   | 2 3 4 5 |  5.2
Spellcasting   | 5 4 |  5.7
Fighting       | 2 5 9 |  9.1
Earth Magic    | 4 |  4.7
Dodging        | |  2.6
Stealth        | |  2.6
Summonings     | |  1.0
Translocations | |  1.5

Action                   |  1- 3 |  4- 6 |  7- 9 || total
-------------------------+-------+-------+-------++-------
Melee: Unarmed           |    16 |   128 |    31 ||   175
       Bite              |       |    16 |     2 ||    18
 Cast: Magic Dart        |   110 |   192 |   310 ||   612
       Mephitic Cloud    |       |     2 |    14 ||    16
       Sandblast         |       |       |     6 ||     6
  Use: Scroll            |     2 |     7 |     8 ||    17
       Potion            |       |     2 |     5 ||     7
 Stab: Sleeping          |     1 |     1 |     1 ||     3
       Confused          |       |       |     3 ||     3
  Eat: Chunk             |     6 |     1 |    10 ||    17
Armor: Skin              |     2 |     3 |     6 ||    11
Dodge: Dodged            |    25 |    44 |   145 ||   214
